 Dungeon Crawl Stone Soup version 0.30.1 (webtiles) character file.

Game seed: 9299130376366763366

264 cdecastro the Magician (level 6, -3/46 HPs)
             Began as a Djinni Ice Elementalist on July 5, 2023.
             Slain by a phantom (4 damage)
             ... on level 4 of the Dungeon.
             The game lasted 00:05:06 (3112 turns).

cdecastro the Magician (Djinni Ice Elementalist)    Turns: 3112, Time: 00:05:07

Health: -3/46      AC:  2    Str:  7    XL:     6   Next: 43%
Gold:   185        EV: 12    Int: 19    God:
                   SH:  0    Dex: 13

rFire   + + .        f - +1 whip (venom)
rCold   x . .        (no shield)
rNeg    . . .        a - +0 robe
rPois   ∞            (no helmet)
rElec   .            (no cloak)
rCorr   .            (no gloves)
SInv    .            (boots unavailable)
Will    .....        (no amulet)
Stlth   ++           (no ring)
HPRegen 0.27/turn    (no ring)
MPRegen 0.00/turn

%: infuse magic (-4 HP)
@: freezing walls, flying
A: sickness immunity, fire resistance 2, cold vulnerability 1, float, innate
caster, HP casting, extra vitality 1
a: no special abilities


You were on level 4 of the Dungeon.
You visited 1 branch of the dungeon, and saw 4 of its levels.

You collected 185 gold pieces.

Inventory:

Hand Weapons
 f - a +1 whip of venom (weapon)
Armour
 a - a +0 robe (worn)
Magical Staves
 r - a staff of conjuration
Wands
 l - a wand of iceblast (20)
Scrolls
 b - a scroll of teleportation {unknown}
 c - 5 scrolls of identify {unknown}
 d - 2 scrolls of fog {unknown}
 g - 2 scrolls of poison {unknown}
 h - a scroll of noise {unknown}
 j - a scroll of enchant armour {unknown}
 m - a scroll of brand weapon {unknown}
 o - a scroll of torment {unknown}
 s - a scroll of magic mapping {unknown}
Potions
 e - a potion of heal wounds {unknown}
 i - a potion of might {unknown}
 k - a potion of degeneration {unknown}
 n - 2 potions of brilliance {unknown}
 p - 2 potions of curing {unknown}
 q - a potion of attraction {unknown}


   Skills:
 + Level 3.1 Fighting
 - Level 2.1 Dodging
 - Level 1.5 Stealth
 * Level 5.0 Spellcasting


You knew the following spells:

 Your Spells              Type           Power      Damage    Failure   Level
a - Freeze                Ice            92%        1d9       1%          1
b - Frozen Ramparts       Ice            46%        1d7       4%          3
c - Ozocubu's Armour      Ice            23%        N/A       4%          3
d - Summon Ice Beast      Ice/Summ       23%        N/A       16%         4
e - Sting                 Tmut/Pois      92%        1d7       1%          1
f - Wereblood             Tmut           23%        N/A       2%          2
Your spell library was empty.

Dungeon Overview and Level Annotations

Branches:
Dungeon (4/15)
 Temple: D:4-7

Altars:
Fedhas

Annotations:
D:2 1 runed translucent door, Crazy Yiuf


Innate Abilities, Weirdness & Mutations

You are immune to sickness and miasma.
You are immune to poison.
Your flesh is very heat resistant. (rF++)
You are vulnerable to cold. (rC-)
You float through the air rather than walking.
You learn spells naturally, not from books.
Your magical power is your life essence.
You have superior vitality. (+4 MHP)


Message History

Press: ? - help, Dir - look around, f - activate The walls around you are covered in ice.
* * * LOW HITPOINT WARNING * * *
The phantom completely resists.
The wall freezes the phantom but does no damage.
The phantom barely misses you.
You hit the phantom but do no damage.
The phantom is moderately damaged.
The wall freezes the phantom but does no damage.
The phantom barely misses you.
The phantom completely resists.
The wall freezes the phantom but does no damage.
The phantom barely misses you.
Unknown command.
You hit the phantom.
The phantom is moderately damaged.
The phantom completely resists.
The wall freezes the phantom but does no damage.
The phantom misses you.
Unknown command.
You closely miss the phantom.
The phantom is moderately damaged.
The phantom completely resists.
The wall freezes the phantom but does no damage.
The phantom hits you.
* * * LOW HITPOINT WARNING * * *
Unknown command.
You hit the phantom but do no damage.
The phantom is moderately damaged.
The wall freezes the phantom but does no damage.
The phantom hits you.
* * * LOW HITPOINT WARNING * * *
Okay, then.
Unknown command.
The phantom completely resists.
The wall freezes the phantom but does no damage.
The phantom barely misses you.
The phantom completely resists.
The wall freezes the phantom but does no damage.
The phantom hits you.
You die...

#..###<.##...#.#
........# #..# #..#
..... ........#
#..#...... ....
........# #..#.#..###
#w. ........# #..#.#...
. ........###..#.#...#
......... ..........
.........###W.#.......
..#####.<...@.......
..............##........
....P.PPPPP.P.##..#.....
....P.......P.##..# ....
....P.P...P.P.....# ...
....P.P._.P.P.....# ..
....P.P...P.P.....# . .
#.#.P.......P.....#...
....P.PPPPP.P.).......


You could see a phantom.

Vanquished Creatures
  3 orc priests
  2 orc wizards (D:4)
  5 adders
  An ufetubus (D:3)
  3 worms
  3 dart slugs
  6 orcs
  A ball python (D:2)
  4 endoplasms
  2 giant cockroaches
  4 goblins
  8 hobgoblins
  2 jackals (D:2)
  2 quokkas
  A bat (D:2)
  5 frilled lizards
  5 kobolds
  4 rats
61 creatures vanquished.

Notes
Turn   | Place    | Note
-------+----------+-------------------------------------------
     0 | D:1      | cdecastro the Djinni Ice Elementalist began the quest for
                  | the Orb.
     0 | D:1      | cdecastro set off with the following spells memorised:
                  | Freeze, Frozen Ramparts, Ozocubu's Armour, Summon Ice
                  | Beast.
     0 | D:1      | Reached XP level 1. HP: 15/15 MP: 0/0
   172 | D:1      | Reached XP level 2. HP: 21/22 MP: 0/0
   434 | D:1      | Reached skill level 1 in Fighting
   612 | D:1      | Reached XP level 3. HP: 26/27 MP: 0/0
   612 | D:1      | Learned a level 1 spell: Sting
   934 | D:2      | Found a runed translucent door.
   935 | D:2      | Noticed Crazy Yiuf
  1368 | D:2      | Reached skill level 4 in Spellcasting
  1368 | D:2      | Reached XP level 4. HP: 24/32 MP: 0/0
  2184 | D:3      | Identified the +0 ring mail "Qanaiph" {rPois Str+4}
  2484 | D:3      | Reached XP level 5. HP: 36/38 MP: 0/0
  2484 | D:3      | Learned a level 2 spell: Wereblood
  2830 | D:4      | Noticed a phantom
  2879 | D:4      | Found a blossoming altar of Fedhas.
  2945 | D:4      | Reached XP level 6. HP: 16/45 MP: 0/0
  3090 | D:4      | Reached skill level 5 in Spellcasting
  3110 | D:4      | HP: 1/46 [phantom (5)]
  3112 | D:4      | Slain by a phantom

Illustrated notes

Levels and vault maps discovered:
D:1:      enne_arrival_octagon_isle, layout_basic
D:2:      layout_basic, uniq_crazy_yiuf_cottage
D:3:      layout_basic, serial_rivers, chequers_serial_rivers_room_b,
          chequers_serial_rivers_marsh, chequers_serial_rivers_room_b,
          chequers_serial_rivers_room_b, chequers_serial_rivers_marsh,
          chequers_serial_rivers_marsh
D:4:      minmay_diamond_boxcup, layout_basic,
          mainiacjoe_overflow_cross_hatched, mainiacjoe_overflow_paths,
          zin_scriptorium, st_stairs_3, uniq_duvessa

Skill      XL: |  1  2  3  4  5  6 |
---------------+-------------------+-----
Fighting       | 1 2 3 |  3.1
Spellcasting   | 4 5 |  5.0
Dodging        | |  2.1
Stealth        | |  1.5

Action                     |  1- 3 |  4- 6 || total
---------------------------+-------+-------++-------
  Melee: Unarmed           |     7 |       ||     7
         Whip              |     6 |    70 ||    76
         Punch             |       |     1 ||     1
   Cast: Freeze            |    49 |    35 ||    84
         Frozen Ramparts   |       |     2 ||     2
         Ozocubu's Armour  |       |     1 ||     1
   Stab: Sleeping          |     1 |     2 ||     3
 Armour: Robe              |    10 |    13 ||    23
  Dodge: Dodged            |    19 |    59 ||    78
